 Dungeon Crawl Stone Soup version 0.29.1-2-gbd0b4ee654 (webtiles) character file.

Game seed: 15287183141505091463

2 McKennaii the Grasshopper (level 1, 0/17 HPs)
             Began as a Demigod Warper on Nov 8, 2022.
             Slain by a jackal (1 damage)
             ... on level 1 of the Dungeon.
             The game lasted 00:00:16 (142 turns).

McKennaii the Grasshopper (Demigod Warper)           Turns: 142, Time: 00:00:16

Health: 0/17       AC:  3    Str: 12    XL:     1   Next: 26%
Magic:  5/5        EV: 11    Int: 15    God:
Gold:   5          SH:  0    Dex: 13    Spells: 3/3 levels left

rFire   . . .      SeeInvis .   a - +0 spear
rCold   . . .      Faith    .   (no shield)
rNeg    . . .      Spirit   .   b - +0 leather armour
rPois   .          Reflect  .   (no helmet)
rElec   .          Harm     .   (no cloak)
rCorr   .          Rampage  .   (no gloves)
Will    .....                   (no boots)
Stlth   +.........              (no amulet)
HPRegen 0.05/turn               (no ring)
MPRegen 0.09/turn               (no ring)

@: no status effects
A: high MP 1, forlorn, divine attributes
a: no special abilities


You were on level 1 of the Dungeon.
You visited 1 branch of the dungeon, and saw 1 of its levels.

You collected 5 gold pieces.

Inventory:

Hand Weapons
 a - a +0 spear (weapon)
Missiles
 d - 7 boomerangs of dispersal (quivered)
Armour
 b - a +0 leather armour (worn)
Scrolls
 c - a scroll of blinking


   Skills:
 + Level 1.8 Fighting
 + Level 1.8 Polearms
 + Level 0.9 Throwing
 + Level 0.9 Armour
 + Level 1.8 Dodging
 + Level 1.7 Spellcasting
 + Level 2.7 Translocations


You had 3 spell levels left.
You didn't know any spells.
Your spell library contained the following spells:

 Spells                   Type           Power      Damage    Failure   Level
 Blink                    Tloc           18%        N/A       14%         2
 Gell's Gravitas          Tloc           9%         N/A       28%         3
 Lesser Beckoning         Tloc           9%         N/A       28%         3
 Teleport Other           Tloc           9%         N/A       28%         3
 Manifold Assault         Tloc           9%         N/A       95%         5


Dungeon Overview and Level Annotations

Branches:
Dungeon (1/15)


Innate Abilities, Weirdness & Mutations

You have an increased reservoir of magic. (+10% MP)
You shall have no god before yourself.
Your divine heritage dramatically boosts your attributes as you level up.


Message History

The jackal attacks as you move away! The jackal closely misses you.
The jackal attacks as you move away! The jackal bites you.
* * * LOW HITPOINT WARNING * * *
The jackal barely misses you. x2
The jackal attacks as you move away! The jackal bites you.
* * * LOW HITPOINT WARNING * * *
You are too injured to fight recklessly!
The jackal attacks as you move away!
The jackal bites you but does no damage.
The jackal barely misses you.
You are too injured to fight recklessly!
You hit the jackal.
The jackal is heavily wounded.
The jackal closely misses you.
You barely miss the jackal.
The jackal is heavily wounded.
The jackal barely misses you. The jackal closely misses you.
You barely miss the jackal. The jackal closely misses you.
The jackal bites you but does no damage.
The jackal attacks as you move away! The jackal barely misses you.
You barely miss the jackal.
The jackal is heavily wounded.
The jackal barely misses you.
The jackal bites you but does no damage.
You closely miss the jackal.
The jackal is heavily wounded.
You barely miss the jackal.
The jackal bites you but does no damage. x2
The jackal barely misses you. The jackal bites you.
* * * LOW HITPOINT WARNING * * *
You hit the jackal.
You kill the jackal!
The jackal bites you.
* * * LOW HITPOINT WARNING * * *
You hit the jackal.
The jackal is almost dead.
The jackal bites you.
* * * LOW HITPOINT WARNING * * *
The jackal bites you.
You die...

############# ###########
#.........'..
#..........######.#######.'..
...........'....#.#.......#..
............####.#.#.###.#.#..
............# #.........#.#..
............######.#.#####.#..
...........h#........#####.#..
..........#.#@...........#.#..
.........h#.hh.............#
..........####...........###
........######...........#
###..........##..........#
+..........++........>.#
#..........##..........#
#...........#.....#.....
.............#


You could see 2 jackals.

Vanquished Creatures
  A ball python (D:1)
  A jackal (D:1)
2 creatures vanquished.

Notes
Turn   | Place    | Note
-------+----------+-------------------------------------------
     0 | D:1      | McKennaii the Demigod Warper began the quest for the Orb.
     0 | D:1      | Reached XP level 1. HP: 17/17 MP: 5/5
   142 | D:1      | Slain by a jackal

Illustrated notes

Levels and vault maps discovered:
D:1:      minmay_arrival_widening_spiral_wide, layout_basic,
          shapermc_ecumenical_altar_totnotflames

Action                   || total
-------------------------++-------
Melee: Spear             ||    19
Armor: Leather armour    ||    12
Dodge: Dodged            ||    24
